Map: Orbital Shipyard

Players

Kudohlol

  • Race: Terran Terran
  • League: Diamond

LilDicky - Winner!

  • Race: Terran Terran
  • League: Diamond

VOD

http://www.twitch.tv/tumescentpie

Description

Time

  • Played on: Dec. 4, 2015, 1:29 p.m.
  • Length: 3:52
Show
View Real Time Build Order
Export as new Build Order

Kudohlol Terran 

Build Orders:  

Get SALT Encoding   

  12  0:01  SCV  
  13  0:17  SCV  
  13  0:18  Supply Depot  
  14  0:29  SCV  
  15  0:41  SCV, Barracks  
  16  0:45  Refinery  
  16  0:53  SCV  
  17  0:57  Refinery  
  17  1:06  SCV  
  18  1:18  SCV  
  19  1:26  Barracks  
  19  1:34  Barracks  
  19  1:39  Reaper  
  20  1:44  SCV  
  21  1:56  SCV  
  22  2:08  Supply Depot  
  22  2:09  SCV  
  23  2:19  Supply Depot  
  23  2:29  Reaper x3  
  26  2:48  Orbital Command  
  26  3:01  Reaper x3  
  26  3:24  Command Center  
Show
View Real Time Build Order
Export as new Build Order

LilDicky Terran - Winner!

Build Orders:  

Get SALT Encoding   

  12  0:01  SCV  
  13  0:13  SCV  
  14  0:18  Supply Depot  
  14  0:25  SCV  
  15  0:37  Refinery  
  15  0:40  SCV  
  16  0:47  Barracks  
  16  0:52  SCV  
  17  1:04  SCV  
  18  1:16  SCV  
  19  1:20  Refinery  
  19  1:28  SCV  
  20  1:36  Reaper  
  21  1:48  Supply Depot  
  21  1:50  Orbital Command  
  21  2:01  Factory  
  21  2:14  Reaper  
  22  2:24  SCV  
  22  2:37  SCV  
  23  2:45  Hellion  
  23  2:46  Reaper  
  23  2:47  Starport  
  23  2:49  SCV  
  26  3:19  Hellion  
  27  3:23  SCV  
  27  3:26  Starport Tech Lab  
  29  3:36  SCV  
  29  3:37  Command Center  
Tags
 
Add a new tag
Caveats
  • Supply blocks, unpowered buildings, or Contaminate may cause inaccurate times.
  • Supply counts are checked every 10 seconds.